 Dungeon Crawl Stone Soup version 0.28.0-53-g5a82cb258f (webtiles) character file.

Game seed: 16913829476925850091

58 acdeimund the Poker (level 4, -7/37 HPs)
             Began as a Merfolk Monk on July 27, 2022.
             Mangled by a gnoll
             ... wielding a +0 whip
              (9 damage)
             ... on level 2 of the Dungeon.
             The game lasted 00:06:47 (2062 turns).

acdeimund the Poker (Merfolk Monk)                  Turns: 2062, Time: 00:06:48

Health: -7/37      AC:  2    Str: 11    XL:     4   Next: 1%
Magic:  4/4        EV: 14    Int:  9    God:
Gold:   38         SH:  0    Dex: 18    Spells: 3/3 levels left

rFire   . . .      SeeInvis .   a - +0 spear
rCold   . . .      Faith    .   (no shield)
rNeg    . . .      Spirit   .   b - +0 robe
rPois   .          Reflect  .   (no helmet)
rElec   .          Harm     .   (no cloak)
rCorr   .          Rampage  .   (no gloves)
Will    .....                   (no boots)
Stlth   ++........              (no amulet)
HPRegen 0.12/turn               (no ring)
MPRegen 0.09/turn               (no ring)

@: no status effects
A: (nimble swimmer 2), mertail
a: no special abilities


You were on level 2 of the Dungeon.
You visited 1 branch of the dungeon, and saw 3 of its levels.

You collected 38 gold pieces.

Inventory:

Hand Weapons
 a - a +0 spear (weapon)
Missiles
 g - 4 poisoned darts (quivered)
Armour
 b - a +0 robe (worn)
Jewellery
 e - a ring of flight
Scrolls
 h - a scroll of teleportation {unknown}


   Skills:
 + Level 4.0 Fighting
 + Level 5.3 Polearms
 + Level 4.9 Dodging
 - Level 2.1 Stealth


You had 3 spell levels left.
You didn't know any spells.
Your spell library contained the following spells:

 Spells                   Type           Power      Damage    Failure   Level
 Magic Dart               Conj           0%         1d3       38%         1
 Call Imp                 Summ           0%         N/A       52%         2
 Mephitic Cloud           Conj/Pois/Air  0%         N/A       77%         3


Dungeon Overview and Level Annotations

Branches:
Dungeon (3/15)

Altars:

Annotations:
D:3 Grinder


Innate Abilities, Weirdness & Mutations

((You are very nimble when in or above water. (Stealth+, EV+, Speed+++)))
Your lower body shifts to a powerful aquatic tail in water.


Message History

The orc hits you with a +0 whip.
You hit the orc.
You kill the orc!
You have reached level 4!
There is a stone staircase leading up here.
You climb upwards.
Found a stone staircase leading down.
There is a stone staircase leading down here.
You start resting.
A gnoll is nearby!
You start resting.
HP restored.
A ball python comes into view.
The ball python moves out of view.
There is a stone staircase leading down here.
There is a stone staircase leading down here.
The gnoll drinks a potion.
The gnoll flickers and vanishes!
Deactivating autopickup; reactivate with Ctrl-A.
There is a stone staircase leading down here.
Something hits you!
You closely miss something.
The gnoll shouts!
You hear a shout!
Something hits you.
You miss something. Something completely misses you.
You miss something. Your punch misses something. Something hits you.
You closely miss something.
A gnoll appears from thin air!
Reactivating autopickup.
The gnoll drinks a potion.
The gnoll flickers and vanishes!
Deactivating autopickup; reactivate with Ctrl-A.
You hit something. Something hits you!
You hit something. You hit something. Something hits you.
* * * LOW HITPOINT WARNING * * *
The gnoll closely misses you.
You barely miss something. Something hits you.
* * * LOW HITPOINT WARNING * * *
The gnoll hits you from afar with a +0 halberd.
* * * LOW HITPOINT WARNING * * *
You closely miss something. Something hits you!
You die...

### #.## #..
#.# #.# # #.#
###.# #.#
....# #@#
#... #{#
##.#. #g#
###..## #g#
#....## #.#
#..#... #.#
#.#####..#.#.
#.##
#.......#....
#..#
#####......##
##.#
#...#...#


You could see 2 gnolls.

Vanquished Creatures
  A gnoll (D:2)
  A dart slug (D:1)
  An orc (D:3)
  3 ball pythons
  4 bats (D:1)
  2 endoplasms (D:1)
  A giant cockroach (D:2)
  4 hobgoblins
  2 jackals (D:2)
  7 kobolds
  2 quokkas
  3 frilled lizards (D:1)
  4 goblins
  6 rats
41 creatures vanquished.

Notes
Turn   | Place    | Note
-------+----------+-------------------------------------------
     0 | D:1      | acdeimund the Merfolk Monk began the quest for the Orb.
     0 | D:1      | Reached XP level 1. HP: 18/18 MP: 1/1
   337 | D:1      | Reached XP level 2. HP: 24/24 MP: 2/2
   787 | D:1      | Reached skill level 5 in Polearms
   787 | D:1      | Reached XP level 3. HP: 30/30 MP: 3/3
  1656 | D:2      | HP: 1/30 [gnoll/+0 flail (11)]
  1884 | D:3      | Noticed Grinder
  1913 | D:3      | Reached XP level 4. HP: 26/37 MP: 4/4
  2062 | D:2      | Mangled by a gnoll

Illustrated notes

Levels and vault maps discovered:
D:1:      dpeg_arrival_subterranean_lakeside_camping, layout_loops_corners
D:2:      layout_rooms, nrook_campfire
D:3:      layout_basic, uniq_grinder, uniq_ijyb

Skill      XL: |  1  2  3 |
---------------+----------+-----
Polearms       | 5 |  5.3
Fighting       | 4 |  4.0
Dodging        | |  4.9
Stealth        | |  2.1

Action                   |  1- 3 |  4- 6 || total
-------------------------+-------+-------++-------
Melee: Spear             |   145 |     9 ||   154
  Use: Potion            |     4 |       ||     4
 Stab: Sleeping          |     8 |       ||     8
Armor: Robe              |     7 |       ||     7
       Skin              |     4 |       ||     4
Dodge: Dodged            |    57 |     2 ||    59
